[Event "Late-Titled-Tuesday-Blitz-October-03-2023"]
[Site "Chess.com"]
[Date "2023.10.03"]
[Round "4"]
[White "Alexei_Gubajdullin"]
[Black "Djager97"]
[Result "1-0"]
[WhiteElo "2765"]
[BlackElo "2546"]
[TimeControl "180+1"]
[EndTime "14:39:10 PDT"]
[Termination "Alexei_Gubajdullin won by checkmate"]

1. d4 Nf6 2. Nf3 d5 3. Bf4 c5 4. e3 Nc6 5. Nbd2 Qb6 6. dxc5 Qxb2 7. c4 e6 8. Qc1 Qb4 9. Nd4 Qxc5 10. Nb5 e5 11. Bg5 Bd6 12. Bxf6 gxf6 13. cxd5 Qxd5 14. Bc4 Qxg2 15. Nxd6+ Kd7 16. N6e4 Qxh1+ 17. Bf1 Kc7 18. Qc5 Rd8 19. Rc1 Be6 20. Nxf6 Rac8 21. Qxe5+ Rd6 22. Nde4 Rd8 23. Nxd6 Rxd6 24. Ne8+ Kd7 25. Qxd6+ Kxe8 26. Kd2 Qf3 27. Be2 Qxf2 28. Rc5 Qh4 29. Qf4 Qe7 30.
Rg5 Qa3 31. Rg8+ Kd7 32. Ke1 Qxa2 33. Qe4 Qa1+ 34. Kf2 Qf6+ 35. Bf3 Qb2+ 36. Kg1 Qc1+ 37. Kg2 Qb2+ 38. Kg1 Qc1+ 39. Kg2 Qb2+ 40. Kh1 Qa2 41. Rg1 Kc7 42. Rc1 Qb2 43. Qf4+ Kb6 44. Rd1 a5 45. Bxc6 Qc2 46. Bf3 a4 47. Qd4+ Kc7 48.
Qe5+ Kb6 49. Rd6+ Ka7 50. Qd4+ Kb8 51. Rd8+ Kc7 52. Qd6# 1-0

[Event "Late-Titled-Tuesday-Blitz-October-03-2023"]
[Site "Chess.com"]
[Date "2023.10.03"]
[Round "4"]
[White "GGuseinov"]
[Black "Jospem"]
[Result "0-1"]
[WhiteElo "2874"]
[BlackElo "3050"]
[TimeControl "180+1"]
[EndTime "14:39:11 PDT"]
[Termination "Jospem won by resignation"]

1. e4 c5 2. Nc3 d6 3. Bb5+ Nd7 4. Be2 a6 5. a4 b6 6. f4 Bb7 7. Nf3 Qc7 8. d3 Ngf6 9. O-O g6 10. Kh1 Bg7 11.
Qe1 e6 12. f5 gxf5 13. exf5 e5 14. Qh4 d5 15. Bh6 Bxh6 16. Qxh6 O-O-O 17. Ng5 Rdf8 18. Bh5 Nxh5 19. Qxh5 Nf6 20. Qh4 Qd6 21. Rae1 h6 22. Nf3 d4 23. Ne2 Nd5 24. Ng3 Ne3 25. Rf2 f6 26. Nd2 Qe7 27. Nc4 Nxc4 28. dxc4 Rhg8 29.
Ne4 Kc7 30. h3 Qf7 31. b3 h5 32. a5 Rg7 33. axb6+ Kxb6 34. Nd6 Qc7 35. Nxb7 Qxb7 36. Qxh5 Rfg8 37. Qe2 Rg3 38. Qe4 Rc3 39. Qxb7+ Kxb7 40. Re4 a5 41. Kh2 a4 42. bxa4 Rxc4 43. g4 Kc6 44. h4 Kd5 45. Rfe2 Rxa4 46. h5 Ra3 47. Re1 c4 48. Kg2 Rc3 49. Kh2 Rxc2+ 50. Kh3 Rc3+ 51. Kh4 Rc2 52. R4e2 Rxe2 53. Rxe2 d3 54. Ra2 c3 55. h6 d2 56. Ra5+ Ke4 57. Ra4+ Ke3 58. Ra3 d1=Q 0-1

[Event "Late-Titled-Tuesday-Blitz-October-03-2023"]
[Site "Chess.com"]
[Date "2023.10.03"]
[Round "4"]
[White "Anton_Demchenko"]
[Black "Aleksandar-Topalov"]
[Result "0-1"]
[WhiteElo "2897"]
[BlackElo "2414"]
[TimeControl "180+1"]
[EndTime "14:39:11 PDT"]
[Termination "Aleksandar-Topalov won by resignation"]

1. e4 e6 2. d3 d5 3. Nd2 c5 4. g3 Nc6 5. Bg2 Nf6 6. Ngf3 Be7 7. O-O b5 8. Re1 O-O 9. e5 Nd7 10. Nf1 a5 11. h4 b4 12. N1h2 Ba6 13. Bf4 a4 14. Ng4 Nd4 15. Nxd4 cxd4 16. Nh2 Rc8 17.
Rc1 Re8 18. b3 Qb6 19. Qg4 Rc6 20. Bxd5 exd5 21. Qxd7 Rcc8 22. Qg4 Rc6 23. e6 Rxe6 24. Qxe6 fxe6 25. Nf3 Bf6 26. Re2 Qc6 27. Rce1 axb3 28. axb3 Bc8 29. Be5 Bd7 30. Nxd4 Qb6 31. Nf3 Ra8 32.
g4 h6 33. g5 hxg5 34. hxg5 Bxe5 35. Nxe5 Be8 36. Re3 Ra2 37. R1e2 Qc7 38. c4 bxc3 39.
Rxa2 c2 40. Ra1 c1=Q+ 41. Rxc1 Qxc1+ 42. Kg2 Qc3 43. Kg3 Qxb3 44. d4 Qb2 45. Nf3 Bh5 46.
Nh2 Qxd4 47. Rxe6 Bf7 48. Re3 Qc5 49. Nf3 d4 50. Re5 Qd6 51. Kg2 Bd5 52. Re8+ Kf7 53. Rh8 Qf4 54. Rh3 Qg4+ 55. Rg3 Bxf3+ 56. Kg1 Qe4 57. g6+ Kf6 58. Kh2 0-1

[Event "Late-Titled-Tuesday-Blitz-October-03-2023"]
[Site "Chess.com"]
[Date "2023.10.03"]
[Round "4"]
[White "ViIIagra"]
[Black "ArtemDyachuk"]
[Result "1-0"]
[WhiteElo "2939"]
[BlackElo "2679"]
[TimeControl "180+1"]
[EndTime "14:39:12 PDT"]
[Termination "ViIIagra won by resignation"]

1. g3 e5 2. c4 Nf6 3. Bg2 d5 4. cxd5 Nxd5 5. Nc3 Nb6 6. Nf3 Nc6 7. O-O Be7 8. a3 O-O 9. b4 Be6 10. Bb2 f6 11.
Rc1 Nc4 12. Qc2 Bf7 13. d3 Nxb2 14. Qxb2 Nd4 15. Nxd4 exd4 16. Nb5 c6 17. Nxd4 a5 18. b5 Qb6 19. Rb1 c5 20. Nf5 Bd8 21. Ne3 a4 22. Nc4 Bxc4 23. dxc4 Bc7 24. Rbd1 Be5 25. Qc2 g6 26. e3 Rfd8 27. Bd5+ Kg7 28. Rd3 Bd6 29. Rfd1 Be7 30. Qe2 Rd7 31. h4 h5 32. e4 Rad8 33. f4 Qc7 34. e5 fxe5 35. fxe5 Rf8 36. Kg2 Rf5 37. Re1 Rd8 38. Rf3 Rxf3 39. Qxf3 Rf8 40. Qe4 Qa5 41. Re2 Qc3 42. Qe3 Qa1 43. Rf2 Rxf2+ 44.
Kxf2 Qb2+ 45. Kf3 Qb1 46. Kg2 b6 47. Qf3 Qc2+ 48. Kh3 Kh6 49. Qf7 g5 50. Qe6+ Qg6 51.
Qxe7 g4+ 52. Kh2 Qc2+ 53. Bg2 Qd3 54. Qd6+ Qxd6 55. exd6 Kg6 56. d7 1-0

[Event "Late-Titled-Tuesday-Blitz-October-03-2023"]
[Site "Chess.com"]
[Date "2023.10.03"]
[Round "4"]
[White "hellokostya"]
[Black "Arystanner"]
[Result "0-1"]
[WhiteElo "2555"]
[BlackElo "2830"]
[TimeControl "180+1"]
[EndTime "14:39:14 PDT"]
[Termination "Arystanner won on time"]

1. Nf3 Nf6 2. c4 g6 3. Nc3 Bg7 4. e4 d6 5. d4 O-O 6. Be2 e5 7. d5 Na6 8. h3 Nh5 9. Qc2 Nf4 10. Bf1 Nc5 11. g3 Nh5 12. Be3 a5 13. Bxc5 dxc5 14. O-O-O Bd7 15. Kb1 Qe7 16. Be2 f5 17. Nd2 Nf6 18.
Bd3 a4 19. a3 Ne8 20. h4 Ra6 21. h5 f4 22. Ka2 fxg3 23. fxg3 Bg4 24. hxg6 hxg6 25.
Rdf1 Bd7 26. Nf3 Bf6 27. Nh4 Qg7 28. Rf2 Bg5 29. Rxf8+ Kxf8 30. Qf2+ Rf6 31. Qxc5+ Qe7 32. Qxe7+ Kxe7 33. Rf1 b6 34. Rxf6 Kxf6 35. Nf3 Be3 36.
Bc2 Nd6 37. Bxa4 Bg4 38. Bd1 Nxc4 39. Be2 Nd6 40. Ne1 Bxe2 41. Nxe2 Nxe4 42. b4 Bf2 43.
Nd3 Nxg3 44. Nxg3 Bxg3 45. a4 e4 46. Nc1 Ke5 47. Ne2 Be1 48. Kb3 g5 49. Kc4 g4 50.
Kb5 Kxd5 51. a5 bxa5 52. bxa5 g3 53. a6 c6+ 54. Ka4 Bf2 55. Nxg3 Bb6 56. Ne2 Kc4 57. Nf4 e3 58. Ne2 Kd3 59. Nf4+ Kd2 60. Kb4 e2 61. Nxe2 Kxe2 62. Kc4 Ke3 0-1

[Event "Late-Titled-Tuesday-Blitz-October-03-2023"]
[Site "Chess.com"]
[Date "2023.10.03"]
[Round "4"]
[White "esskeettit"]
[Black "familijatop71"]
[Result "1-0"]
[WhiteElo "2467"]
[BlackElo "2168"]
[TimeControl "180+1"]
[EndTime "14:39:14 PDT"]
[Termination "esskeettit won on time"]

1. d4 Nf6 2. c4 e5 3. dxe5 Ne4 4. a3 d6 5. exd6 Bxd6 6. e3 Nc6 7.
Nf3 a5 8. Be2 Qf6 9. Nbd2 Nc5 10. Nf1 b6 11. Ng3 Bb7 12. O-O O-O-O 13. Qc2 g6 14.
Bd2 h5 15. Bc3 Ne5 16. Nxe5 Bxe5 17. Bxe5 Qxe5 18. b4 axb4 19. axb4 h4 20. bxc5 hxg3 21. hxg3 Rh6 22. Qb3 Rdh8 23. f4 Qxc5 24. Kf2 Rh2 25. Rg1 g5 26. Ra7 gxf4 27. gxf4 Rg8 28. Bf3 Bxf3 29.
Kxf3 Qc6+ 30. e4 Re8 31. Qd3 Rh6 32. Qd5 Rd6 33. Qxc6 Rxc6 34. Ra8+ Kd7 35. Rxe8 Kxe8 36. Rd1 Rxc4 37. f5 b5 38. Kf4 b4 39. Ke5 b3 40.
Rb1 Rb4 41. Kd5 Ke7 42. g4 f6 43. g5 fxg5 44. e5 g4 45. f6+ Kf7 46. Rf1 Rd4+ 47. Kxd4 b2 48. Kd5 g3 49. e6+ Kf8 50. e7+ Kf7 51. Re1 g2 52. e8=Q+ Kxf6 53. Qe7+ 1-0

[Event "Late-Titled-Tuesday-Blitz-October-03-2023"]
[Site "Chess.com"]
[Date "2023.10.03"]
[Round "4"]
[White "jaskol95"]
[Black "Giorno"]
[Result "1-0"]
[WhiteElo "2643"]
[BlackElo "2507"]
[TimeControl "180+1"]
[EndTime "14:39:15 PDT"]
[Termination "jaskol95 won by resignation"]

1. d4 d5 2. Nc3 c6 3. Bf4 Nf6 4. e3 g6 5. h4 h5 6. Nf3 Bg4 7. Be2 Nbd7 8. Ne5 Bxe2 9. Qxe2 Bg7 10. O-O-O Qa5 11. g4 Nxe5 12. Bxe5 hxg4 13. Bxf6 Bxf6 14. Qxg4 Rh5 15. Kb1 b5 16. Ne2 Qc7 17. Nf4 Rh8 18.
h5 g5 19. Nd3 Qd7 20. Qg3 O-O-O 21. Nc5 Qd6 22. Qh3+ e6 23. e4 Be7 24. e5 Qc7 25.
Nd3 c5 26. dxc5 Bxc5 27. Nxc5 Qxc5 28. Rd3 Kb8 29. Rc3 Qxf2 30. Qd3 Qb6 31. Rb3 a6 32. a4 Rc8 33. axb5 a5 34. h6 Rc4 35. Qf3 Rf4 36.
Qg3 Rf5 37. Rf3 Qd8 38. Rxf5 exf5 39. e6+ f4 40. Qg4 Qf6 41. exf7 Qxf7 42. Qxg5 Rh7 43.
Qe5+ Kb7 44. Rg1 Kb6 45. Rg7 Rxg7 46. Qxg7 Qe6 47. h7 Qe1+ 48. Ka2 Qb4 49. h8=Q Qa4+ 50. Kb1 Qxb5 51. Qb8+ Kc5 52. Qgc7+ Qc6 53. Qxc6+ Kxc6 54. Qxf4 1-0

[Event "Late-Titled-Tuesday-Blitz-October-03-2023"]
[Site "Chess.com"]
[Date "2023.10.03"]
[Round "4"]
[White "Good_Knight_Kiss"]
[Black "NowInChess"]
[Result "1-0"]
[WhiteElo "2430"]
[BlackElo "2214"]
[TimeControl "180+1"]
[EndTime "14:39:17 PDT"]
[Termination "Good_Knight_Kiss won on time"]

1. e4 e6 2. d4 d5 3. Nc3 Nc6 4. Nf3 Nf6 5. Bg5 Be7 6. e5 Ne4 7. Bxe7 Qxe7 8. Bd3 Qb4 9. O-O Nxc3 10. bxc3 Qxc3 11.
Rb1 Qa3 12. Qd2 h6 13. h4 Qe7 14. h5 b6 15. Bb5 Bd7 16. Qc3 Na5 17. Qxc7 Bxb5 18.
Qxe7+ Kxe7 19. Rxb5 Rhc8 20. Rc1 Rc3 21. Kf1 Rac8 22. Rb2 Nc4 23. Rb3 Rxf3 24. Rxf3 Nd2+ 25. Ke2 Nxf3 26. Kxf3 Rc3+ 27. Ke2 f6 28. Kd2 Rc4 29. exf6+ Kxf6 30. c3 Ra4 31. Rc2 Kg5 32. Ke3 Kxh5 33. Kf4 Kg6 34. Ke5 Kf7 35. Kd6 h5 36. f4 Kf6 37. Re2 Kf5 38. g3 Kg4 39. Re3 Rxa2 40.
Kxe6 a5 41. Kxd5 a4 42. Kc4 Rb2 43. d5 a3 44. Re1 Rd2 45. Ra1 a2 46. Kb3 Kxg3 47.
c4 h4 48. Kc3 Rf2 49. d6 Rxf4 50. d7 Rf8 51. Rxa2 Rd8 52. Rd2 h3 53. Kb4 h2 54. Rd1 1-0

[Event "Late-Titled-Tuesday-Blitz-October-03-2023"]
[Site "Chess.com"]
[Date "2023.10.03"]
[Round "4"]
[White "AyMitecK"]
[Black "I_am_Javi"]
[Result "0-1"]
[WhiteElo "2540"]
[BlackElo "2752"]
[TimeControl "180+1"]
[EndTime "14:39:18 PDT"]
[Termination "I_am_Javi won by resignation"]

1. e4 e5 2. Nf3 Nc6 3. Bc4 g6 4. O-O Bg7 5. c3 d6 6. d4 Nge7 7. Be3 O-O 8. a4 h6 9. a5 Kh7 10. a6 b6 11. Re1 f5 12. exf5 Nxf5 13. dxe5 Nxe3 14. Rxe3 Nxe5 15. Nxe5 Bxe5 16. g3 Qg5 17.
Nd2 Bg4 18. Be2 Qf5 19. f4 Bxe2 20. Qxe2 Bg7 21. Re1 Rf7 22. Nf3 Raf8 23. Nh4 Qc5 24. b4 Qd5 25. Rd3 Qc4 26. Nxg6 Rc8 27. Nh4 Bxc3 28.
b5 Rg8 29. Kh1 Bxe1 30. Nf3 Bb4 31. Qf1 Rgg7 32. Qb1 Qe4 33. Qd1 Bc5 34. Kg2 Rxf4 35. Rc3 Rf5 36. Qd3 Qxd3 37. Rxd3 Rgf7 38. Nh4 Rf2+ 39.
Kh3 Rb2 40. Rd5 Rxb5 41. Rh5 Ra5 42. Rd5 Rxa6 43. Rd1 Ra2 44. Re1 a5 45. Kg4 Ra4+ 46. Kh5 Rxh4+ 47. gxh4 a4 48. Re4 Rf5+ 49. Kg4 Rd5 50.
Re7+ Kg6 51. Rxc7 a3 52. Ra7 h5+ 53. Kg3 Rd2 54. h3 a2 55. Kf3 Bd4 56. Rc7 a1=Q 57. Rg7+ Kxg7 0-1

[Event "Late-Titled-Tuesday-Blitz-October-03-2023"]
[Site "Chess.com"]
[Date "2023.10.03"]
[Round "4"]
[White "Hirna2005"]
[Black "Aariow"]
[Result "0-1"]
[WhiteElo "2301"]
[BlackElo "2480"]
[TimeControl "180+1"]
[EndTime "14:39:18 PDT"]
[Termination "Aariow won on time"]

1. e4 c5 2. c3 d5 3. exd5 Qxd5 4. Nf3 Nc6 5. Na3 Nf6 6. Bc4 Qe4+ 7. Be2 Bg4 8. d3 Qe6 9. Be3 Nd5 10. Qd2 Nxe3 11. fxe3 h6 12. O-O O-O-O 13. d4 g6 14.
Bc4 Qf6 15. Ne5 Qxe5 16. Bxf7 Bf5 17. Qf2 Qc7 18. Rae1 e6 19. e4 Qxf7 20. exf5 gxf5 21. dxc5 Bg7 22. Nc4 Kb8 23. Nd6 Qd7 24. Qg3 Ka8 25.
Qg6 Rhg8 26. Qxe6 Qxe6 27. Rxe6 Bf8 28. Rxf5 Bxd6 29. cxd6 Rge8 30. Rxh6 Re1+ 31. Kf2 Rb1 32. b4 Rb2+ 33. Kg3 Rc2 34. Rf3 Ne5 35. Re3 Nf7 36.
Rf6 Nh8 37. Rd3 a6 38. d7 Re2 39. a4 Re7 40. Rfd6 Nf7 41. R6d5 Ne5 42. Re3 Rg7+ 43.
Kf2 Nxd7 44. Red3 Kb8 45. g3 Kc7 46. c4 b6 47. Kg2 Re8 48. Rd2 Re4 49. R5d4 Re3 50.
Rf4 Ne5 51. c5 bxc5 52. bxc5 Rc3 53. Rd5 Nc4 54. Rf6 Ne3+ 55. Kh3 Nxd5 56. Rh6 Rxc5 0-1

[Event "Late-Titled-Tuesday-Blitz-October-03-2023"]
[Site "Chess.com"]
[Date "2023.10.03"]
[Round "4"]
[White "ameetghasi100"]
[Black "Bilan_Danila"]
[Result "1-0"]
[WhiteElo "2717"]
[BlackElo "2532"]
[TimeControl "180+1"]
[EndTime "14:39:23 PDT"]
[Termination "ameetghasi100 won by resignation"]

1. b3 d5 2. Bb2 Nf6 3. d3 c5 4. g3 Nc6 5. Bg2 Bg4 6. Nh3 e6 7.
f3 Bxh3 8. Bxh3 Be7 9. e4 O-O 10. O-O Nd7 11. f4 b5 12. Nc3 dxe4 13. Nxe4 Nf6 14. Bg2 Rc8 15. a4 b4 16. Nd2 Nd5 17.
Nc4 Bf6 18. Bxf6 Qxf6 19. Qd2 Rfd8 20. Rae1 g6 21. Kh1 Nd4 22. Qf2 h5 23. Be4 Kg7 24. h3 Nf5 25. Bxf5 Qxf5 26. Kh2 Qf6 27. Re5 Rc7 28.
Rfe1 h4 29. Rf1 hxg3+ 30. Qxg3 Rh8 31. Nd6 Rc6 32. Ne4 Qh4 33. Ng5 Qxg3+ 34. Kxg3 Ne7 35. Nf3 Nf5+ 36. Kg2 Rd8 37. h4 f6 38. Re4 Kf7 39.
Rh1 Rdd6 40. h5 gxh5 41. Rxh5 Ng7 42. Rh7 Kg6 43. Rh1 Rd8 44. Kf2 Kf7 45. Nd2 Nf5 46. Nf3 Rg8 47. Ree1 Nd6 48. Rh7+ Rg7 49. Rxg7+ Kxg7 50. Rxe6 Kf7 51. f5 Rb6 52. a5 Rc6 53. Nd2 Ra6 54. Nc4 Nxc4 55. Rxa6 Ne5 56. Rxa7+ Ke8 57. a6 1-0

[Event "Late-Titled-Tuesday-Blitz-October-03-2023"]
[Site "Chess.com"]
[Date "2023.10.03"]
[Round "4"]
[White "GoltsevDmitry2000"]
[Black "vugarrasulov"]
[Result "0-1"]
[WhiteElo "2685"]
[BlackElo "2947"]
[TimeControl "180+1"]
[EndTime "14:39:27 PDT"]
[Termination "vugarrasulov won on time"]

1. e4 e5 2. Nf3 Nc6 3. Bb5 g6 4.
O-O Bg7 5. c3 d6 6. d4 Bd7 7.
dxe5 Nxe5 8. Bxd7+ Nxd7 9. Nbd2 Ngf6 10. Nc4 O-O 11. e5 dxe5 12. Ncxe5 Nxe5 13. Nxe5 Re8 14. Nf3 h6 15. Bf4 Nd5 16. Bg3 c6 17. Qd3 Qb6 18.
Qc2 a5 19. Rfe1 a4 20. Be5 a3 21. b4 Qa6 22. Bxg7 Kxg7 23. Re4 Nf6 24. Ree1 Qc4 25. Ne5 Qd5 26. f4 Rad8 27. Rad1 Qe6 28. c4 Rxd1 29.
Rxd1 Ng4 30. Qc3 Nxe5 31. fxe5 Qxe5 32. Qxa3 Qe2 33. Qd3 Qxa2 34. Rf1 Qe2 35. Qxe2 Rxe2 36. Rd1 Re4 37. Rd7 b5 38. c5 Rxb4 39. Rc7 Kf6 40.
Rxc6+ Ke5 41. Rc7 f5 42. Rc6 Rc4 43. Rxg6 b4 44. Rxh6 Kd4 45. Rb6 Kc3 46. c6 b3 47.
Kf2 b2 48. g3 Kc2 49. h4 b1=Q 50. Rxb1 Kxb1 51. Kf3 Kc2 52. h5 Kd3 53. c7 Rxc7 54. Kf4 Rh7 55. Kg5 Ke4 56. Kg6 Rh8 57. h6 Rg8+ 58. Kf7 Rxg3 59. h7 Rh3 60. Kg7 Rxh7+ 0-1

[Event "Late-Titled-Tuesday-Blitz-October-03-2023"]
[Site "Chess.com"]
[Date "2023.10.03"]
[Round "4"]
[White "Kirill_Klukin"]
[Black "Grossboss19"]
[Result "1-0"]
[WhiteElo "2690"]
[BlackElo "2519"]
[TimeControl "180+1"]
[EndTime "14:39:28 PDT"]
[Termination "Kirill_Klukin won by resignation"]

1. e4 c6 2. Nf3 d5 3. Nc3 Bg4 4. h3 Bxf3 5. Qxf3 e6 6. d3 Nf6 7. Bd2 Qb6 8. Rb1 Nfd7 9. g3 Na6 10. Bg2 Nb4 11. Qd1 d4 12. Ne2 c5 13. O-O Be7 14. a3 Nc6 15. c3 Qc7 16. Rc1 e5 17. f4 Qd8 18. cxd4 cxd4 19. fxe5 Ndxe5 20. Nf4 O-O 21. Qe2 Bg5 22. Rc5 b6 23. Rc2 Rc8 24.
Rfc1 Ne7 25. h4 Rxc2 26. Rxc2 Bh6 27. Bh3 Qd6 28. Bb4 Qd8 29. a4 a5 30. Ba3 Re8 31.
Kg2 Bxf4 32. gxf4 N5g6 33. Qf2 Qb8 34. Kg3 h5 35. b3 Kh7 36. Bc1 Ng8 37. Bf5 Nh6 38.
Bh3 Ng4 39. Bxg4 hxg4 40. h5 Rc8 41. hxg6+ fxg6 42. Rxc8 Qxc8 43. Qh2+ Kg8 44. Qd2 g5 45. fxg5 Qd7 46. Bb2 Qe6 47. Qf4 Qxb3 48. Bxd4 Qxd3+ 49. Qe3 Qd1 50. Bxb6 Qxa4 51. Kxg4 Qd7+ 52. Kf3 a4 53. Bc5 Qd1+ 54. Kg3 Qb3 55. Qxb3+ axb3 56. Bd4 g6 57. Kf4 Kf7 58. Ke5 Ke7 59. Bb2 Kd7 60. Kf6 Kd6 61.
Kxg6 Kc5 62. Kf6 Kc4 63. e5 Kd3 64. e6 Kc2 65. Be5 b2 66. Bxb2 Kxb2 67. e7 1-0

[Event "Late-Titled-Tuesday-Blitz-October-03-2023"]
[Site "Chess.com"]
[Date "2023.10.03"]
[Round "4"]
[White "alexrustemov"]
[Black "arminmusovic"]
[Result "1-0"]
[WhiteElo "2823"]
[BlackElo "2504"]
[TimeControl "180+1"]
[EndTime "14:39:28 PDT"]
[Termination "alexrustemov won by resignation"]

1. d4 d5 2. c4 c5 3. cxd5 Nf6 4. Nf3 cxd4 5. Qxd4 Qxd5 6. Nc3 Qxd4 7. Nxd4 a6 8.
g3 e5 9. Nb3 Nc6 10. Bg2 Be6 11. Be3 O-O-O 12. Rc1 Nd5 13. Bc5 Kb8 14. Bxf8 Rhxf8 15.
Nc5 Ncb4 16. Nxe6 fxe6 17. a3 Nc6 18. e3 Na5 19. Ke2 Nb3 20. Rc2 Nxc3+ 21. bxc3 Rd6 22. Rb1 Nc5 23. Rb4 Rc8 24. Rd2 Rxd2+ 25. Kxd2 Rf8 26. Ke2 Rd8 27. Be4 g6 28. Bc2 Kc7 29. h4 b5 30.
h5 Rg8 31. Rg4 Kb6 32. hxg6 hxg6 33. Rxg6 Rh8 34. Bf5 Re8 35. g4 Ka5 36. Bc2 Rc8 37. g5 e4 38. Rf6 Rg8 39. g6 Kb6 40. Bxe4 Nxe4 41. Rxe6+ Kc5 42. Rxe4 Rxg6 43. Kd3 Rg1 44. a4 Rd1+ 45. Kc2 Rf1 46. Rf4 bxa4 47. Kb2 a5 48. Ka2 Kb5 49. f3 Rc1 50. Kb2 Re1 51.
Re4 Rf1 52. f4 Re1 53. f5 Re2+ 54. Ka3 Re1 55. f6 Ra1+ 56. Kb2 Rh1 57. Rf4 Rh2+ 58. Ka3 Rh8 59. f7 Rf8 60. c4+ Kc5 61. Kxa4 Kd6 62. Kxa5 Ke5 63. Kb6 Ke6 64. c5 Ke7 65. c6 Rb8+ 66.
Kc7 Rf8 67. Kb7 Ke6 68. c7 1-0

[Event "Late-Titled-Tuesday-Blitz-October-03-2023"]
[Site "Chess.com"]
[Date "2023.10.03"]
[Round "4"]
[White "littlepinkyboy"]
[Black "MikeSailer"]
[Result "1-0"]
[WhiteElo "2421"]
[BlackElo "2145"]
[TimeControl "180+1"]
[EndTime "14:39:29 PDT"]
[Termination "littlepinkyboy won on time"]

1. e4 d5 2. exd5 Qxd5 3. Nc3 Qd6 4. d4 c6 5. Nf3 Bg4 6. Be2 Nf6 7. h3 Bxf3 8. Bxf3 e6 9. O-O Qc7 10. Ne2 Bd6 11. c4 O-O 12. Bg5 Nbd7 13. Nc3 h6 14. Be3 Bf4 15. Qc2 Bxe3 16. fxe3 e5 17. Rad1 Rfe8 18. d5 a5 19. b3 Nc5 20. dxc6 bxc6 21.
Nb5 cxb5 22. Bxa8 Rxa8 23. cxb5 Qb6 24. a4 e4 25. Qe2 Nd3 26. Rf5 Rc8 27. Rdf1 Kh8 28.
Kh1 Rc1 29. Rxc1 Nxc1 30. Qd2 Nd3 31. b4 axb4 32. Rf1 Nd5 33. Ra1 Nxe3 34. a5 Qd4 35.
Rg1 Nc4 36. Qa2 Nf2+ 37. Kh2 Qe5+ 38. g3 e3 39. a6 e2 40. a7 e1=Q 41. a8=Q+ Kh7 42.
Rxe1 Qxe1 43. Qc2+ g6 44. Qxc4 Ng4+ 45. Qxg4 Qf2+ 46.
Qg2 1-0

[Event "Late-Titled-Tuesday-Blitz-October-03-2023"]
[Site "Chess.com"]
[Date "2023.10.03"]
[Round "4"]
[White "kuli4ik"]
[Black "Russian_berezka"]
[Result "1-0"]
[WhiteElo "2927"]
[BlackElo "2645"]
[TimeControl "180+1"]
[EndTime "14:39:30 PDT"]
[Termination "kuli4ik won by resignation"]

1. Nf3 c5 2. e3 Nc6 3. d4 cxd4 4. exd4 d5 5. c3 Bg4 6. Bf4 Nf6 7. Nbd2 e6 8. Qb3 Qc8 9. Bd3 Be7 10. O-O O-O 11.
Rae1 Bh5 12. Ne5 Nxe5 13. Bxe5 Bg6 14. Bxg6 hxg6 15. Qd1 Qd7 16. Re3 b5 17. Nb3 Ne4 18. f3 Bg5 19. Rd3 Nd6 20. Nc5 Qc6 21. Qe2 Nb7 22. b4 a5 23. a3 axb4 24. axb4 Nxc5 25. dxc5 Bf6 26. f4 Ra3 27. Rh3 Rfa8 28. Bxf6 gxf6 29. Qf2 Kf8 30. Rh8+ Kg7 31. Rh3 Rh8 32. Rxh8 Kxh8 33. Qd4 Kg7 34. g4 Qc7 35. g5 Qe7 36.
Rf3 Ra1+ 37. Kg2 Ra2+ 38. Kg3 e5 39. gxf6+ Qxf6 40. Qxe5 Qxe5 41. fxe5 Re2 42. Rf6 Rxe5 43. Rb6 Re3+ 44. Kf2 Rxc3 45. Rxb5 Kf6 46. Rb7 Ke6 47. Rb6+ Ke5 48. c6 Kd6 49. b5 Rc2+ 50. Ke3 Rxh2 51. Rb7 Rc2 52. Rxf7 Kc5 53. Rb7 Kd6 54. Kd4 Rc4+ 55. Kd3 g5 56. Rd7+ Ke6 57. Rg7 Rc5 58.
c7 Kf6 59. Rh7 Kg6 60. Rd7 Kf6 61. b6 Ke6 62. Rh7 Kd6 63. b7 Rxc7 64. b8=Q 1-0

[Event "Late-Titled-Tuesday-Blitz-October-03-2023"]
[Site "Chess.com"]
[Date "2023.10.03"]
[Round "4"]
[White "JohnWhite1952"]
[Black "gabduschew"]
[Result "0-1"]
[WhiteElo "2057"]
[BlackElo "2408"]
[TimeControl "180+1"]
[EndTime "14:39:30 PDT"]
[Termination "gabduschew won on time"]

1. e4 Nc6 2. d4 d5 3. Nc3 e5 4.
dxe5 d4 5. Nd5 Be6 6. Nf4 Nxe5 7. Nxe6 fxe6 8. Qh5+ Nf7 9. Bc4 Qd7 10. Nf3 Nf6 11. Qb5 c6 12. Qb3 e5 13. Bxf7+ Qxf7 14. Qxf7+ Kxf7 15. Nxe5+ Ke6 16. Nf3 Bb4+ 17. Bd2 Bxd2+ 18. Nxd2 c5 19.
O-O g5 20. Rfe1 Rae8 21. Nc4 Rhf8 22. Rad1 Ng4 23. f3 Ne5 24. Nxe5 Kxe5 25. Rd3 c4 26. Ra3 a6 27. Ra5+ Kf6 28. Rf5+ Kg6 29. Rxf8 Rxf8 30. Rd1 Rd8 31. Kf2 Kf6 32. Kg3 Ke5 33. h4 gxh4+ 34. Kxh4 d3 35. cxd3 cxd3 36. Kg3 Kd4 37. Kf2 Rc8 38. Ke1 Ke3 39. e5 Rc2 40. e6 Rc6 41. f4 Rxe6 42. Kf1 Rf6 43. g3 d2 44. b3 h5 45. a3 h4 46. gxh4 Rxf4+ 47. Kg2 Rxh4 48.
Kg3 Ke2 49. Rxd2+ Kxd2 50. Kxh4 Kc3 0-1

[Event "Late-Titled-Tuesday-Blitz-October-03-2023"]
[Site "Chess.com"]
[Date "2023.10.03"]
[Round "4"]
[White "carlospaul1990"]
[Black "venturov"]
[Result "1-0"]
[WhiteElo "2344"]
[BlackElo "2487"]
[TimeControl "180+1"]
[EndTime "14:39:31 PDT"]
[Termination "carlospaul1990 won by resignation"]

1. d4 Nf6 2. c4 d6 3. g3 g6 4. Bg2 Bg7 5. Nc3 Nbd7 6. Nf3 O-O 7. O-O e5 8. e4 Re8 9. h3 exd4 10. Nxd4 Nc5 11.
Re1 Bd7 12. Bf4 h6 13. Ndb5 a6 14. Nxc7 Qxc7 15. Bxd6 Qc8 16. e5 Nh7 17. Nd5 Bxh3 18. Nb6 Qf5 19. Nxa8 Bxg2 20. Kxg2 Nd3 21. Rf1 Rxa8 22.
Qf3 Qxf3+ 23. Kxf3 Ng5+ 24. Kg2 Ne4 25. Rad1 Nxb2 26.
Rde1 Nd2 27. Rh1 Ndxc4 28. Re4 Nxd6 29. exd6 Rd8 30. Re7 Rxd6 31. Rxb7 Rd2 32. a4 Nd3 33. Rf1 Nc5 34. Rc7 Nxa4 35. Ra7 Nb6 36. Rb1 Nd5 37. Rxa6 Bd4 38. Rb8+ Kg7 39. Kf3 f6 40. Ke4 Be5 41.
Ra7+ Nc7 42. Rbb7 Rc2 43. f4 Bd6 44. Kd3 Rc5 45. Rb6 Rd5+ 46. Ke4 Kf8 47. Rb8+ Ke7 48.
Rbb7 Kd7 49. Rxc7+ Bxc7 50. Kxd5 g5 51. Ra6 gxf4 52.
g4 f3 53. Ra3 Be5 54. Rxf3 Ke7 55. Ke4 Kf7 56. Ra3 Kg6 57. Ra6 Kg5 58. Kf3 h5 59. gxh5 Kxh5 60. Ke4 Kg5 61. Ra5 Kg6 62. Rd5 Kg5 63.
Rb5 Kg4 64. Rb3 f5+ 65. Kxe5 f4 66. Rb4 Kg3 67. Rxf4 1-0

[Event "Late-Titled-Tuesday-Blitz-October-03-2023"]
[Site "Chess.com"]
[Date "2023.10.03"]
[Round "4"]
[White "jinxy2009"]
[Black "Levanzovsky"]
[Result "0-1"]
[WhiteElo "2277"]
[BlackElo "2454"]
[TimeControl "180+1"]
[EndTime "14:39:31 PDT"]
[Termination "Levanzovsky won by resignation"]

1. e4 c5 2. Nf3 d6 3. d4 cxd4 4. Nxd4 Nf6 5. Nc3 a6 6. Be3 e5 7. Nb3 Be6 8. f3 h5 9. Qd2 Nbd7 10. Nd5 Bxd5 11. exd5 g6 12. O-O-O Bg7 13. Kb1 Rc8 14.
Bg5 Qc7 15. Bd3 Nb6 16. f4 e4 17. Rhe1 O-O 18. Bf1 Rfe8 19. c3 Nfxd5 20. Nd4 Nc4 21. Bxc4 Qxc4 22. f5 b5 23. Bh6 Bf6 24. fxg6 fxg6 25.
Bg5 Bg7 26. Bh6 Be5 27. Nxb5 axb5 28. Qxd5+ Qxd5 29. Rxd5 b4 30. cxb4 Bxh2 31. Be3 Rc4 32. Rg5 Kh7 33. a3 Rec8 34. Rd5 Be5 35. Red1 Rc2 36.
Bd4 Bxd4 37. R5xd4 Rxg2 38. Rxe4 Rcc2 39. Re7+ Kh6 40.
Re6 Rxb2+ 41. Ka1 Ra2+ 42. Kb1 Rgb2+ 43. Kc1 Rg2 44. Kb1 Rxa3 45. Rdxd6 Rb3+ 46. Ka1 Rxb4 47. Rd1 Rbb2 48. Re8 Ra2+ 49. Kb1 Rgb2+ 50. Kc1 Rg2 51.
Kb1 Rad2 52. Kc1 Rxd1+ 53. Kxd1 Rf2 54. Ke1 Rf7 55. Rh8+ Kg5 56. Ra8 h4 57. Ra4 Kh5 58.
Ra5+ g5 59. Ra7 Rxa7 60. Ke2 Rf7 61. Ke3 g4 62. Ke4 g3 0-1